 Dungeon Sprint DCSS version 0.27-a0-1579-g97d2440184 (webtiles) character file.

Game seed: 2653132948520257718

33142 mhtbhm the Peltast (level 13, -7/134 HPs)
             Began as a Minotaur Fighter on July 17, 2021.
             Was the Champion of Qazlal.
             Killed by divine providence
             ... invoked by a sphinx
              (13 damage)
             ... in the Dungeon (Sprint III: "The Ten Rune Challenge").
             The game lasted 00:12:02 (6465 turns).

mhtbhm the Peltast (Minotaur Fighter)               Turns: 6465, Time: 00:12:03

Health: -7/134     AC: 18    Str: 26    XL:     13   Next: 35%
Magic:  22/22      EV: 11    Int:  6    God:    Qazlal [******]
Gold:   1984       SH:  0    Dex:  9    Spells: 12/12 levels left

rFire    . . .     SeeInvis .   G - +0 war axe (holy)
rCold    . . .     Faith    .   c - +0 kite shield {reflect}
rNeg     . . .     Spirit   .   b - +0 chain mail
rPois    .         Reflect  +   (helmet restricted)
rElec    .         Harm     .   s - +0 cloak
rCorr    +         Rampage  .   (no gloves)
Will     .....     Rnd*Rage +   (no boots) Stlth ..........NoTele +
                                j - amulet of reflection
HPRegen  0.32/turn              x - +4 ring of slaying
MPRegen  0.18/turn              A - ring of resist corrosion

@: confused, protected from physical damage, repel missiles
A: horns 2, retaliatory headbutt, berserk 1
a: Renounce Religion, Upheaval, Elemental Force, Disaster Area


You were in the Dungeon.
You worshipped Qazlal.
Qazlal was exalted by your worship.
You visited 1 branch You collected 2178 gold pieces.
You spent 194 gold pieces at shops.

Inventory:

Hand Weapons
 a - a +2 broad axe of electrocution
 G - a +0 war axe of holy wrath (weapon)
Missiles
 i - 7 javelins
 w - a throwing net
 D - 5 atropa-tipped darts
 E - 5 datura-tipped darts
 F - 7 curare-tipped darts (quivered)
Armour
 b - a +0 chain mail (worn)
 c - a +0 kite shield of reflection (worn)
 s - a +0 cloak (worn)
Jewellery
 j - an amulet of reflection (around neck)
 x - a +4 ring of slaying (left hand)
 A - a ring of resist corrosion (right hand)
Wands
 d - a wand of iceblast (9)
 f - a wand of paralysis (11)
 m - a wand of acid (12)
 r - a wand of flame (17)
 v - a wand of mindburst (5)
Scrolls
 k - a scroll of vulnerability
 l - a scroll of torment
 o - a scroll of holy word {unknown}
 t - 12 scrolls of identify
 u - 2 scrolls of amnesia {unknown}
 y - a scroll of enchant weapon {unknown}
 B - a scroll of fear {unknown}
Potions
 g - 2 potions of haste
 h - 2 potions of magic
 n - a potion of flight
 p - 6 potions of mutation
 z - a potion of brilliance {unknown}
Miscellaneous
 q - a box of beasts
 C - a piece from Xom's chessboard (15/15)


   Skills:
 + Level 17.8 Fighting
 + Level 19.2 Axes
 + Level 16.1 Armour
 + Level 9.5 Dodging
 + Level 2.3 Stealth
 + Level 20.2 Shields
 * Level 14.1 Invocations
 + Level 1.7 Evocations


You had 12 spell levels left.
You didn't know any spells.
Your spell library contained the following spells:

 Spells                   Type           Power      Damage    Failure   Level
 Corona                   Hex            0%         N/A       87%         1
 Sting                    Tmut/Pois      0%         1d3       87%         1
 Ensorcelled Hibernation  Hex/Ice        0%         N/A       95%         2
 Poisonous Vapours        Pois/Air       0%         N/A       95%         2
 Summon Guardian Golem    Hex/Summ       0%         N/A       99%         3
 Tukima's Dance           Hex            0%         N/A       99%         3
 Olgreb's Toxic Radiance  Pois           0%         N/A       100%        4
 Summon Lightning Spire   Summ/Air       0%         N/A       100%        4
 Orb of Destruction       Conj           0%         N/A       100%        7
 Spellforged Servitor     Conj/Summ      0%         N/A       100%        7
 Storm Form               Tmut/Air       0%         N/A       100%        7
 Maxwell's Capacitive Co  Air            0%         ∞         100%        8


Dungeon Overview and Level Annotations

Branches:
Dungeon (1/1)

Altars:
Cheibriados
Dithmenos
Elyvilon
Fedhas
Gozag
Hepliaklqana
Kikubaaqudgha
Makhleb
Nemelex Xobeh
Okawaru
Qazlal
Ru
Sif Muna
Trog
Uskayaw
Vehumet
Wu Jian
Xom
Yredelemnul
Zin
The Shining One
Beogh
Jiyva
Lugonu

Shops:
D (


Innate Abilities, Weirdness & Mutations

You have a pair of horns on your head.
You reflexively headbutt those who attack you in melee.
You tend to lose your temper in combat.


Message History

The sphinx is severely wounded.
You slash the guardian mummy!
The guardian mummy convulses.
You hit the sphinx.
The sphinx casts a spell.
You are confused.
The sphinx hits you!
* * * LOW HITPOINT WARNING * * *
The sphinx hits you but does no damage. The sphinx barely misses you.
Unknown command.
You slash the sphinx! You headbutt the sphinx!
You kill the sphinx!
Qazlal accepts your kill.
You slash the guardian mummy!
The guardian mummy convulses!
You destroy the guardian mummy!
Qazlal accepts your kill.
You hit the sphinx.
You feel extremely nervous for a moment...
You are engulfed in negative energy!
You feel drained. The sphinx hits you!
* * * LOW HITPOINT WARNING * * *
You feel more protected from physical attacks.
The sphinx hits you but does no damage. x2
Your life force feels restored.
Your Armour skill increases to level 16!
Your Invocations skill increases to level 14!
Unknown command.
You avoid triggering a dart trap.
The sphinx hits you!
* * * LOW HITPOINT WARNING * * *
The sphinx hits you but does no damage. x2
There is a dart trap here.
Unknown command.
You hit the guardian mummy but do no damage.
The guardian mummy is moderately damaged.
You slash the sphinx! The guardian mummy hits you!
* * * LOW HITPOINT WARNING * * *
Unknown command.
You slice the sphinx!!
The sphinx is heavily wounded.
You closely miss the guardian mummy.
The sphinx mumbles some strange words.
Something smites you!
You die...

*.....
#[).###.......)'^.
........
#)............)'..
#######
#||..........^)#^.
################.^
#.................
▓'▓▓▓▓▓▓▓▓▓▓▓▓▓▓▓▓
▓.^# ▓§†# ▓@H#
▓M°# ▓^○# ▓..#
▓..# ▓..# ▓^^#
▓^.'


You could see a sphinx and a guardian mummy.

Vanquished Creatures
  A kraken (D)
  Donald (D)
  A sphinx (D)
  Frances (D)
  A fire dragon (D)
  A yaktaur captain (D)
  Erolcha (D)
  2 centaur warriors (D)
  4 dancing weapons (D)
  Urug (D)
  3 orc high priests (D)
  5 skeletal warriors (D)
  A death drake (D)
  A spriggan druid (D)
  An obsidian statue (D)
  An orc sorcerer (D)
  A lindwurm (D)
  2 deep elf zephyrmancers (D)
  3 deep elf pyromancers (D)
  A crystal guardian (D)
  4 ugly things (D)
  A komodo dragon (D)
  2 cane toads (D)
  A rime drake (D)
  A guardian mummy (D)
  A polar bear (shapeshifter) (D)
  4 spriggan defenders (D)
  A meliai (shapeshifter) (D)
  2 tyrant leeches (D)
  A slime creature (D)
  5 blink frogs (D)
  2 snapping turtles (D)
  3 wandering mushrooms (D)
  5 redbacks (D)
  2 spriggans (D)
  A shadow (D)
  A spatial vortex (D)
  3 hydra simulacra (D)
  A floating eye (D)
  A swamp drake (D)
  2 orc warriors (D)
  A necrophage (D)
  5 two-headed ogres (D)
  A water elemental (D)
  A jelly (D)
  6 orc priests (D)
  A wizard (D)
  Jessica (D)
  A necromancer (D)
  An orc wizard (D)
  A polar bear simulacrum (D)
  A kobold demonologist (D)
  3 humans (D)
  A wolf (D)
  9 orcs (D)
  An endoplasm (D)
  2 rats (D)
  A ball lightning (D)
  A ballistomycete spore (D)
  4 tentacles (D)
119 creatures vanquished.

Vanquished Creatures (others)
  Chuck (D)
  A mummy priest (D)
  2 hydras (D)
  A deep elf knight (D)
  A molten gargoyle (D)
  2 yaktaurs (D)
  An electric eel (D)
  A ball lightning (D)
  A ballistomycete spore (D)
  A bush (D)
  4 fungi (D)
  20 plants (D)
  6 tentacles (D)
42 creatures vanquished.

Grand Total: 161 creatures vanquished

Notes
Turn   | Place    | Note
-------+----------+-------------------------------------------
     0 | D        | mhtbhm the Minotaur Fighter began the quest for the Orb.
     0 | D        | Reached XP level 1. HP: 19/19 MP: 0/0
     6 | D        | Reached skill level 4 in Shields
    12 | D        | Noticed Jessica
    15 | D        | Killed Jessica
    16 | D        | Reached skill level 5 in Fighting
    16 | D        | Reached skill level 5 in Armour
    16 | D        | Reached skill level 5 in Shields
    16 | D        | Reached XP level 2. HP: 24/29 MP: 1/1
    16 | D        | Reached XP level 3. HP: 30/36 MP: 2/2
   281 | D        | Noticed a water elemental
   292 | D        | Killed a water elemental
   293 | D        | Reached skill level 5 in Axes
   293 | D        | Reached skill level 6 in Shields
   293 | D        | Reached XP level 4. HP: 47/47 MP: 3/3
   393 | D        | Reached skill level 1 in Dodging
   393 | D        | Reached skill level 7 in Shields
   393 | D        | Reached XP level 5. HP: 48/52 MP: 4/4
   415 | D        | Noticed a shadow
   419 | D        | Killed a shadow
   420 | D        | Reached skill level 8 in Shields
   420 | D        | Reached XP level 6. HP: 61/63 MP: 5/5
   433 | D        | Found a blossoming altar of Fedhas.
   433 | D        | Found a stormy altar of Qazlal.
   433 | D        | Found a snail-covered altar of Cheibriados.
   433 | D        | Found a burning altar of Makhleb.
   433 | D        | Found a shimmering altar of Xom.
   434 | D        | Found a hazy altar of Hepliaklqana.
   434 | D        | Found an opulent altar of Gozag.
   434 | D        | Found a sparkling altar of Nemelex Xobeh.
   434 | D        | Found a corrupted altar of Lugonu.
   434 | D        | Found a viscous altar of Jiyva.
   434 | D        | Noticed a spatial vortex
   437 | D        | Became a worshipper of Qazlal Stormbringer
   446 | D        | Killed a spatial vortex
   447 | D        | Reached skill level 9 in Shields
   477 | D        | Found a radiant altar of Vehumet.
   477 | D        | Found a shimmering blue altar of Sif Muna.
   477 | D        | Found an ancient bone altar of Kikubaaqudgha.
   483 | D        | Noticed an ice devil
   483 | D        | Reached * piety under Qazlal
   513 | D        | Found a basalt altar of Yredelemnul.
   513 | D        | Found a shadowy altar of Dithmenos.
   513 | D        | Found a sacrificial altar of Ru.
   519 | D        | Reached skill level 10 in Fighting
   521 | D        | Reached XP level 7. HP: 48/72 MP: 6/6
   641 | D        | Found a hide-covered altar of Uskayaw.
   641 | D        | Found an iron altar of Okawaru.
   641 | D        | Found a bloodstained altar of Trog.
   641 | D        | Found an ornate altar of the Wu Jian Council.
   641 | D        | Noticed a human
   648 | D        | Killed a human
   648 | D        | Reached ** piety under Qazlal
   649 | D        | Reached skill level 10 in Armour
   649 | D        | Reached skill level 10 in Shields
   751 | D        | Noticed a human
   766 | D        | Killed a human
   767 | D        | Reached skill level 10 in Axes
   935 | D        | Found a glowing silver altar of Zin.
   935 | D        | Found a glowing golden altar of the Shining One.
   935 | D        | Found a white marble altar of Elyvilon.
   936 | D        | Noticed a deep elf pyromancer
   942 | D        | Noticed a fire elemental
   942 | D        | Noticed a fire elemental
   942 | D        | Killed a deep elf pyromancer
   943 | D        | Reached XP level 8. HP: 79/82 MP: 6/9
   976 | D        | Reached *** piety under Qazlal
  1229 | D        | Noticed a two-headed ogre
  1240 | D        | Killed a two-headed ogre
  1241 | D        | Reached skill level 11 in Shields
  1297 | D        | Noticed a two-headed ogre
  1297 | D        | Noticed Erolcha
  1308 | D        | Killed a two-headed ogre
  1318 | D        | Killed Erolcha
  1319 | D        | Reached skill level 5 in Invocations
  1319 | D        | Reached XP level 9. HP: 17/91 MP: 10/12
  1598 | D        | Reached **** piety under Qazlal
  1602 | D        | Reached skill level 12 in Shields
  1943 | D        | Killed a seven-headed hydra
  1967 | D        | Noticed a wandering mushroom
  1968 | D        | Noticed a wandering mushroom
  1970 | D        | Noticed a wandering mushroom
  1980 | D        | Killed a wandering mushroom
  1987 | D        | Reached ***** piety under Qazlal
  2094 | D        | Noticed a cane toad
  2094 | D        | Noticed a komodo dragon
  2094 | D        | Noticed a cane toad
  2100 | D        | Killed a komodo dragon
  2106 | D        | Killed a cane toad
  2107 | D        | Reached XP level 10. HP: 72/101 MP: 14/14
  2111 | D        | Killed a cane toad
  2125 | D        | Reached skill level 5 in Dodging
  2125 | D        | Reached skill level 13 in Shields
  2339 | D        | Killed an eight-headed hydra
  2341 | D        | Reached skill level 15 in Axes
  2542 | D        | Found Teuxofic's Weapon Boutique.
  2542 | D        | Noticed an orc high priest
  2545 | D        | Noticed an orc sorcerer
  2545 | D        | Reached ****** piety under Qazlal
  2546 | D        | Noticed an orc high priest
  2549 | D        | Noticed a sun demon
  2550 | D        | Killed an orc sorcerer
  2552 | D        | Killed an orc high priest
  2553 | D        | Reached skill level 14 in Shields
  2555 | D        | Gained mutation: You tend to lose your temper in combat. [a
                  | neqoxec]
  2560 | D        | Noticed a rust devil
  2566 | D        | Killed an orc high priest
  2675 | D        | Bought a +2 war axe of venom for 194 gold pieces
  2741 | D        | Noticed a deep elf zephyrmancer
  2741 | D        | Noticed a deep elf pyromancer
  2741 | D        | Noticed a deep elf knight
  2741 | D        | Noticed a deep elf pyromancer
  2741 | D        | Noticed a deep elf zephyrmancer
  2802 | D        | Killed a deep elf zephyrmancer
  2803 | D        | Reached XP level 11. HP: 110/110 MP: 17/17
  2807 | D        | Noticed a deep elf high priest
  2809 | D        | Killed a deep elf pyromancer
  2813 | D        | Killed a deep elf knight
  2816 | D        | Killed a deep elf pyromancer
  2818 | D        | Killed a deep elf zephyrmancer
  2819 | D        | Reached skill level 15 in Shields
  2819 | D        | Reached skill level 10 in Invocations
  2981 | D        | Noticed a deep elf annihilator
  3073 | D        | Noticed a lindwurm
  3082 | D        | Killed a lindwurm
  3253 | D        | Noticed Urug
  3256 | D        | Killed Urug
  3257 | D        | Reached skill level 15 in Fighting
  3257 | D        | Reached skill level 1 in Stealth
  3376 | D        | Noticed a death drake
  3385 | D        | Killed a death drake
  4124 | D        | Found a blossoming altar of Fedhas.
  4124 | D        | Noticed a spriggan druid
  4131 | D        | Killed a spriggan druid
  4175 | D        | Noticed a kraken
  4186 | D        | Reached skill level 16 in Shields
  4193 | D        | Killed a kraken
  4453 | D        | Noticed an alligator snapping turtle
  4453 | D        | Noticed an alligator snapping turtle
  4458 | D        | Noticed an alligator snapping turtle
  4519 | D        | Noticed Donald
  4519 | D        | Noticed Frances
  4522 | D        | Killed Frances
  4523 | D        | Reached skill level 17 in Shields
  4523 | D        | Reached XP level 12. HP: 122/122 MP: 11/19
  4527 | D        | Killed Donald
  4528 | D        | Reached skill level 1 in Evocations
  4624 | D        | Noticed a yaktaur captain
  5331 | D        | Reached skill level 18 in Shields
  5712 | D        | Noticed a centaur warrior
  5716 | D        | Killed a centaur warrior
  5757 | D        | Noticed a centaur warrior
  5761 | D        | Killed a centaur warrior
  5774 | D        | Noticed a fire dragon
  5783 | D        | Killed a fire dragon
  5784 | D        | Reached skill level 15 in Armour
  5853 | D        | Reached skill level 19 in Shields
  5908 | D        | Noticed a yaktaur captain
  5911 | D        | Reached XP level 13. HP: 50/132 MP: 20/22
  6029 | D        | Killed a mummy priest
  6235 | D        | Noticed Chuck
  6245 | D        | Killed Chuck
  6319 | D        | Reached skill level 20 in Shields
  6319 | D        | Noticed an ancient lich
  6445 | D        | Noticed a sphinx
  6446 | D        | Paralysed by a sphinx for 5 turns
  6446 | D        | Noticed a sphinx
  6454 | D        | Paralysed by a sphinx for 4 turns
  6462 | D        | Killed a sphinx
  6464 | D        | HP: 6/134 [guardian mummy (11)]
  6465 | D        | Killed from afar by a sphinx

Illustrated notes

Levels and vault maps discovered:
D:        dungeon_sprint_mu [sprint_mu_entry_forest, sprint_mu_temple_rooms,
          sprint_mu_d1_spiders, sprint_mu_d2_genie, sprint_mu_d3_branching,
          sprint_mu_orc_legion, sprint_mu_elf_gauntlet, sprint_mu_hive_nellie,
          sprint_mu_lair_fedhas, sprint_mu_vaults_butterflies,
          sprint_mu_slime_circle, sprint_mu_swamp_cave, sprint_mu_shoals_kraken,
          sprint_mu_blade_basic, sprint_mu_crypt_lich, sprint_mu_tomb_spiral,
          sprint_mu_vestibule_basic, sprint_mu_gehenna_hellfire,
          sprint_mu_dis_giant, sprint_mu_tartarus_statrot,
          sprint_mu_cocytus_islands, sprint_mu_zot1]

Skill      XL: |  1  2  3  4  5  6  7  8  9 10 11 12 13 |
---------------+----------------------------------------+-----
Fighting       | 5 7 9 10 11 12 13 14 15 17 | 17.8
Armour         | 5 6 7 8 9 11 12 13 15 16 | 16.1
Shields        | 5 6 7 8 9 10 11 12 14 17 19 20 | 20.2
Axes           | 3 5 7 9 11 13 14 16 17 18 19 | 19.2
Dodging        | 1 2 3 4 6 8 9 |  9.5
Invocations    | 2 5 7 9 11 13 14 | 14.1
Stealth        | 2 |  2.3
Evocations     | 1 |  1.7

Action                   |  1- 3 |  4- 6 |  7- 9 | 10-12 | 13-15 || total
-------------------------+-------+-------+-------+-------+-------++-------
Melee: War axe           |    21 |    23 |    93 |   277 |     5 ||   419
       Headbutt          |     6 |     6 |    26 |    63 |     9 ||   110
       Broad axe         |       |       |       |     7 |    25 ||    32
Invok: Disaster Area     |       |       |       |     4 |       ||     4
Evoke: Wand              |       |       |       |     5 |       ||     5
  Use: Potion            |       |       |     4 |     1 |     3 ||     8
       Scroll            |       |       |     2 |     2 |       ||     4
Armor: Scale mail        |     7 |     3 |     8 |    17 |       ||    35
       Chain mail        |       |       |       |    27 |    29 ||    56
Dodge: Dodged            |     6 |     5 |    18 |    53 |    17 ||    99
       Repelled          |       |       |       |     3 |       ||     3
Block: Kite shield       |    12 |     6 |    61 |   242 |    33 ||   354
       Reflection        |       |       |       |     5 |     3 ||     8

Table legend: (Time is in decaauts)
 A = Elapsed time spent in this place.
 B = Non-inter-level travel time spent in this place.
 C = Inter-level travel time spent in this place.
 D = Time resting spent in this place.
 E = Time spent auto-exploring this place.
 F = Levels seen in this place.
 G = Mean time per level.
                   A        B        C        D        E       F      G
               +--------+--------+--------+--------+--------+-----+--------+
         Total |   6457 |   6399 |     58 |   4491 |    103 |   1 | 6457.0 |
       Dungeon |   6457 |   6399 |     58 |   4491 |    103 |   1 | 6457.0 |
               +--------+--------+--------+--------+--------+-----+--------+

Top non-repeatable levels by time:
       D: 6457 daAuts
